 Dungeon Crawl Stone Soup version 0.22.1-2-g9c5b331383 (webtiles) character file.

12681 Ihlosi the Fighter (level 12, -6/80 HPs)
             Began as a Kobold Gladiator on Dec 22, 2018.
             Was an Elder of Kikubaaqudgha.
             Mangled by a freezing wraith (8 damage)
             ... in an ice cave.
             The game lasted 00:52:48 (13273 turns).

Ihlosi the Fighter (Kobold Gladiator)              Turns: 13273, Time: 00:52:50

Health: -6/80      AC:  9    Str: 19    XL:     12   Next: 23%
Magic:  16/16      EV: 23    Int:  9    God:    Kikubaaqudgha [****..]
Gold:   13         SH:  0    Dex: 19    Spells: 7/17 levels left

rFire    + . .     SeeInvis .   a - +2 long sword (elec)
rCold    + . .     Gourm    .   (shield restricted)
rNeg     . . .     Faith    .   x - +0 leather armour
rPois    .         Spirit   .   r - +2 helmet
rElec    .         Reflect  .   M - scarf {rC+ rF+}
rCorr    .         Harm     .   (no gloves)
MR       .....                  i - +2 pair of boots
Stlth    +++.......             (no amulet)
HPRegen  0.23/turn              o - +1 ring of slaying
MPRegen  0.15/turn              (no ring)

@: mighty, slowed, very slow
A: small, carnivore
a: Receive Corpses, Renounce Religion


You were in an ice cave.
You worshipped Kikubaaqudgha.
Kikubaaqudgha was greatly pleased with you.
You were full.

You visited 2 branches of the dungeon, and saw 13 of its levels.
You also visited: Ice Cave.

You collected 687 gold pieces.
You spent 674 gold pieces at shops.

Inventory:

Hand Weapons
 a - a +2 long sword of electrocution (weapon)
 b - a +1 whip of electrocution
 c - the +2 spear of Doors {venom, rElec rPois rN++ SInv}
   (You found it on level 5 of the Dungeon)

   It poisons the flesh of those it strikes.
   It insulates you from electricity.
   It protects you from poison.
   It greatly protects you from negative energy.
   It lets you see invisible.
 d - a +1 long sword
 w - a +0 rapier
 C - the +2 scimitar "Tek Lec" {slice, rC- MR++, unknown}
   (You bought it in a shop on level 11 of the Dungeon)

   It inflicts extra damage upon your enemies.
   It makes you vulnerable to cold.
   It affects your resistance to hostile enchantments.
 J - the +0 flail "Ducruunao" {crush, rElec, unknown}
   (You found it on level 10 of the Dungeon)

   It inflicts extra damage upon your enemies.
   It insulates you from electricity.
Missiles
 m - 63 poisoned needles
 n - 53 bolts
Armour
 i - a +2 pair of boots (worn)
 q - a +3 chain mail
 r - a +2 helmet (worn)
 x - a +0 leather armour (worn)
 y - a +1 robe of magic resistance
 z - a +0 robe of magic resistance
 A - a +0 cloak
 I - a cursed -2 chain mail
 L - the +1 ring mail "Xabeq" {Dex+7 Stlth+, unknown}
   (You found it on level 12 of the Dungeon)

   It affects your dexterity (+7).
   It makes you more stealthy.
 M - a scarf of resistance (worn)
Jewellery
 o - a +1 ring of slaying (left hand)
 p - the ring of the Princess {*Tele rElec rF+ Str-4}
   (You found it on level 11 of the Dungeon)

   [ring of teleportation]

   It may teleport you next to monsters.
   It affects your strength (-4).
   It protects you from fire.
   It insulates you from electricity.
 v - an uncursed ring of flight
 B - a +2 ring of protection {unknown}
 K - an uncursed ring of protection from cold {unknown}
Wands
 t - a wand of iceblast (1)
 F - a wand of flame (26)
 G - a wand of clouds (3)
 H - a wand of random effects (33)
Scrolls
 h - 5 scrolls of amnesia
 u - 2 scrolls of magic mapping
Potions
 e - 2 potions of cancellation
 g - 3 potions of brilliance
 j - a potion of mutation
 k - a potion of flight
 l - a potion of curing
 E - 2 potions of invisibility
Comestibles
 f - 23 rations


   Skills:
 + Level 11.3 Fighting
 + Level 8.8 Long Blades
 - Level 3.0 Throwing
 - Level 3.0 Armour
 * Level 10.4 Dodging
 - Level 6.0 Stealth
 - Level 3.0 Spellcasting
 * Level 5.3 Necromancy
 - Level 6.0 Evocations


You had 7 spell levels left.
You knew the following spells:

 Your Spells              Type           Power        Failure   Level  Hunger
a - Pain                  Necr           ##..         4%          1    ##.....
b - Regeneration          Chrm/Necr      #.........   34%         3    ####...
c - Animate Dead          Necr           N/A          36%         4    #####..
d - Corpse Rot            Necr           N/A          6%          2    ###....

Your spell library contained the following spells:

 Spells                   Type           Power        Failure   Level  Hunger
 Sublimation of Blood     Necr           ##........   6%          2    ###....
 Flame Tongue             Conj/Fire      #....        34%         1    ##.....
 Freeze                   Ice            #...         34%         1    ##.....
 Throw Flame              Conj/Fire      #.....       47%         2    ###....
 Throw Frost              Conj/Ice       #.....       47%         2    ###....
 Conjure Flame            Conj/Fire      #.......     71%         3    ####...
 Inner Flame              Hex/Fire       #.......     71%         3    ####...
 Ozocubu's Armour         Chrm/Ice       #.......     71%         3    ####...
 Agony                    Necr           ##......     73%         5    ######.
 Dispel Undead            Necr           ##......     73%         5    ######.
 Bolt of Draining         Conj/Necr      #.........   97%         5    ######.
 Excruciating Wounds      Chrm/Necr      #.........   97%         5    ######.
 Sticky Flame             Conj/Fire      #.......     98%         4    #####..
 Summon Ice Beast         Ice/Summ       #.......     98%         4    #####..
 Throw Icicle             Conj/Ice       #.......     98%         4    #####..
 Fireball                 Conj/Fire      #.........   100%        5    ######.


Dungeon Overview and Level Annotations

Branches:
Dungeon (12/15)            Temple (1/1) D:5            Lair (0/6) D:11
    Orc (0/2) D:10

Altars:
Ashenzari
Cheibriados
Dithmenos
Elyvilon
Fedhas
Gozag
Hepliaklqana
Kikubaaqudgha
Makhleb
Nemelex Xobeh
Okawaru
Qazlal
Ru
Sif Muna
Trog
Uskayaw
Vehumet
Wu Jian
Xom
Yredelemnul
Zin
The Shining One

Shops:
D:4 ?(   D:9 [   D:11 *

Annotations:
D:5 2 runed doors, Toogi's ghost, novice TeAE
D:8 3 runed doors, Adamkad1's ghost, novice FeEn


Innate Abilities, Weirdness & Mutations

You are small and have problems with some larger weapons.
You are carnivorous and can eat meat at any time.


Message History

The freezing wraith completely misses you.
The freezing wraith completely misses you.
The freezing wraith barely misses you.
The freezing wraith completely misses you.
The freezing wraith closely misses you.
You hit the freezing wraith but do no damage.
The freezing wraith is heavily damaged.
The freezing wraith barely misses you.
You riposte.
You barely miss the freezing wraith.
The freezing wraith is heavily damaged.
The freezing wraith hits you but does no damage.
You closely miss the freezing wraith.
The freezing wraith is heavily damaged.
The freezing wraith closely misses you. x2
The freezing wraith barely misses you.
You riposte.
You barely miss the freezing wraith.
The freezing wraith is heavily damaged.
The freezing wraith hits you!
You die...
Kikubaaqudgha rasps: "You have failed me!
Welcome... death!"

##.....####.
#......# ##
##....## ###
#...## ##.##
##..##
#...## #..##
#....####..#
#..#...#...#
#W@##.....##
##W###...##
#..######
##..## #...#
##...#
##...#
##...# #..#


You could see 2 freezing wraiths.

Vanquished Creatures
  Harold (D:8)
  A fire crab (D:10)
  An unseen horror (D:12)
  A gargoyle (D:12)
  5 centaur skeletons
  2 freezing wraiths (IceCv)
  A kobold demonologist (D:11)
  A troll (D:7)
  A hippogriff (D:8)
  Sigmund (D:5)
  A human (D:7)
  A wraith (D:11)
  A wyvern (D:8)
  4 hogs (D:7)
  A hungry ghost (D:7)
  Menkaure (D:5)
  Edmund (D:5)
  4 wargs (D:10)
  A water moccasin (D:10)
  A black bear (D:7)
  8 ice beasts
  An eye of draining (D:10)
  3 ogres
  3 sky beasts
  2 phantoms (D:6)
  6 centaurs
  A crocodile (D:7)
  4 big kobolds
  7 bullfrogs
  A water moccasin zombie (D:9)
  9 killer bees
  A wyvern skeleton (D:11)
  An elephant simulacrum (IceCv)
  3 scorpions
  12 wights
  3 howler monkeys
  13 crimson imps
  A bullfrog zombie (D:8)
  4 orc priests
  A centaur zombie (D:6)
  3 jellies
  4 orc wizards
  4 hounds
  A gnoll shaman (D:6)
  Terence (D:3)
  A bullfrog skeleton (D:8)
  2 iguanas
  8 worker ants
  A polar bear simulacrum (IceCv)
  2 wolf simulacra (IceCv)
  A hound zombie (D:6)
  A howler monkey zombie (D:7)
  A worker ant zombie (D:8)
  11 adders
  6 gnolls (D:6)
  3 howler monkey skeletons
  4 shadow imps
  18 white imps
  An ooze (D:5)
  2 adder skeletons
  An adder zombie (D:5)
  2 worms (D:3)
  3 dart slugs
  5 leopard geckos
  24 orcs
  3 giant cockroaches
  3 goblins
  13 hobgoblins
  11 jackals
  26 kobolds
  4 quokkas
  A ball python (D:4)
  A ball python zombie (D:6)
  7 bats
  5 frilled lizards
  6 rats
305 creatures vanquished.

Vanquished Creatures (others)
  An orc wizard (D:3)
1 creature vanquished.

Grand Total: 306 creatures vanquished

Notes
Turn   | Place    | Note
-------+----------+-------------------------------------------
     0 | D:1      | Ihlosi the Kobold Gladiator began the quest for the Orb.
     0 | D:1      | Reached XP level 1. HP: 12/12 MP: 1/1
    44 | D:1      | Reached XP level 2. HP: 11/17 MP: 2/2
   684 | D:2      | Reached XP level 3. HP: 19/22 MP: 3/3
   746 | D:2      | Found an iron altar of Okawaru.
   797 | D:2      | Reached skill level 1 in Stealth
   962 | D:2      | Reached skill level 9 in Fighting
   962 | D:2      | Reached XP level 4. HP: 7/37 MP: 4/4
   996 | D:2      | Reached XP level 5. HP: 33/42 MP: 5/5
  1164 | D:3      | Noticed Terence
  1620 | D:3      | Killed Terence
  1620 | D:3      | Reached skill level 1 in Armour
  1620 | D:3      | Reached skill level 1 in Spellcasting
  1620 | D:3      | Reached XP level 6. HP: 48/48 MP: 7/7
  2212 | D:3      | Found a radiant altar of Vehumet.
  2212 | D:3      | Found a shimmering altar of Xom.
  2440 | D:4      | Found an ornate altar of the Wu Jian Council.
  2465 | D:4      | Reached XP level 7. HP: 51/52 MP: 8/8
  2478 | D:4      | Found Feboatu's Antique Weapon Shoppe.
  2506 | D:4      | Found Kugo Sea's Magic Scroll Shoppe.
  2522 | D:4      | Bought a scroll of teleportation for 33 gold pieces
  2522 | D:4      | Bought a scroll of remove curse for 33 gold pieces
  2522 | D:4      | Bought a scroll of magic mapping for 38 gold pieces
  2989 | D:5      | Entered Level 5 of the Dungeon
  3004 | D:5      | Found a runed door.
  3008 | D:5      | Noticed Toogi's ghost (novice TeAE)
  3017 | D:5      | Noticed Edmund
  3073 | D:5      | Killed Edmund
  3293 | D:5      | Found a staircase to the Ecumenical Temple.
  3293 | D:5      | Noticed Sigmund
  3322 | D:5      | Noticed Menkaure
  3377 | D:5      | Reached XP level 8. HP: 57/57 MP: 10/10
  3661 | D:5      | Reached skill level 1 in Evocations
  3750 | D:5      | Found an ancient bone altar of Kikubaaqudgha.
  3762 | D:5      | Became a worshipper of Kikubaaqudgha
  3832 | D:5      | Got a transparent spear
  3843 | D:5      | Found a runed door.
  5372 | D:7      | Noticed a troll
  5504 | D:6      | Reached XP level 9. HP: 46/62 MP: 12/12
  6070 | D:7      | Reached skill level 10 in Fighting
  6076 | D:7      | Killed a troll
  6076 | D:7      | Reached * piety under Kikubaaqudgha
  6076 | D:7      | Identified Kikubaaqudgha's Almanac of Black Rituals
                  | (Kikubaaqudgha gifted it to you on level 7 of the Dungeon)
  6076 | D:7      | Received a gift from Kikubaaqudgha
  6076 | D:7      | Reached skill level 5 in Stealth
  6088 | D:7      | Learned a level 1 spell: Pain
  6092 | D:7      | Learned a level 3 spell: Regeneration
  6312 | D:7      | Found a glowing silver altar of Zin.
  6535 | D:7      | Reached skill level 1 in Necromancy
  6536 | D:7      | Reached skill level 5 in Long Blades
  6538 | D:7      | Reached XP level 10. HP: 61/68 MP: 14/14
  6927 | D:7      | Reached ** piety under Kikubaaqudgha
  7151 | D:8      | Noticed Harold
  7404 | D:8      | Killed Harold
  7549 | D:8      | Found a runed gate.
  7551 | D:8      | Found a runed gate.
  7551 | D:8      | Found a runed gate.
  7552 | D:8      | Noticed Adamkad1's ghost (novice FeEn)
  7554 | D:8      | Noticed a kobold demonologist
  7803 | D:6      | Found a hazy altar of Hepliaklqana.
  7803 | D:6      | Found a burning altar of Makhleb.
  8038 | D:6      | Found a bloodstained altar of Trog.
  8038 | D:6      | Found an opulent altar of Gozag.
  8123 | D:5      | Killed Menkaure
  8123 | D:5      | Reached skill level 5 in Evocations
  8355 | D:5      | Killed Sigmund
  8393 | Temple   | Entered the Ecumenical Temple
  8887 | D:8      | Reached XP level 11. HP: 65/73 MP: 15/15
  8925 | D:8      | Reached *** piety under Kikubaaqudgha
  8925 | D:8      | Identified Kikubaaqudgha's Papyrus of Evil (Kikubaaqudgha
                  | gifted it to you on level 8 of the Dungeon)
  8925 | D:8      | Received a gift from Kikubaaqudgha
  9425 | D:9      | Found a shattered altar of Ashenzari.
  9438 | D:9      | Found Benwioth's Armour Shoppe.
  9882 | D:9      | Learned a level 4 spell: Animate Dead
  9885 | D:9      | Learned a level 2 spell: Corpse Rot
 10195 | D:10     | Entered Level 10 of the Dungeon
 10829 | D:11     | Noticed a cyclops
 10946 | D:10     | Found a staircase to the Orcish Mines.
 10969 | D:10     | Reached **** piety under Kikubaaqudgha
 11201 | D:10     | Got a smoking flail
 11254 | D:10     | Identified the cursed +2 spear of Doors {venom, rElec rPois
                  | rN++ SInv} (You found it on level 5 of the Dungeon)
 11474 | D:10     | Noticed an unseen horror
 11477 | D:10     | Noticed a fire crab
 11477 | D:10     | an unseen horror changed into a fire crab
 11920 | D:10     | Killed a fire crab
 11920 | D:10     | Reached skill level 11 in Fighting
 12053 | D:11     | Got a bound pewter ring
 12058 | D:11     | Identified the ring of the Princess {*Tele rElec rF+ Str-4}
                  | (You found it on level 11 of the Dungeon)
 12448 | D:11     | Found a staircase to the Lair.
 12531 | D:11     | Found Obawkueho's Assorted Antiques.
 12539 | D:11     | Bought a blackened iron ring for 150 gold pieces
 12539 | D:11     | Bought a warped scimitar for 270 gold pieces
 12539 | D:11     | Bought a bronze ring for 150 gold pieces
 12563 | D:12     | Got a crude ring mail
 12718 | D:12     | Killed an unseen horror
 12718 | D:12     | Reached skill level 10 in Dodging
 12718 | D:12     | Reached XP level 12. HP: 48/80 MP: 16/16
 12774 | D:12     | Found a frozen archway.
 12813 | D:12     | Reached skill level 5 in Necromancy
 12984 | IceCv    | Entered an ice cave
 13268 | IceCv    | HP: 1/80 [freezing wraith (9)]
 13273 | IceCv    | Mangled by a freezing wraith

Skill      XL: |  1  2  3  4  5  6  7  8  9 10 11 12 |
---------------+-------------------------------------+-----
Dodging        | 4 8 9 10 | 10.4
Stealth        | 1 3 4 5 6 |  6.0
Fighting       | 9 10 11 | 11.3
Armour         | 1 2 3 |  3.0
Spellcasting   | 1 2 3 |  3.0
Long Blades    | 3 4 5 6 8 |  8.8
Throwing       | 3 |  3.0
Evocations     | 2 3 5 6 |  6.0
Necromancy     | 1 3 4 5 |  5.3

Action                   |  1- 3 |  4- 6 |  7- 9 | 10-12 || total
-------------------------+-------+-------+-------+-------++-------
Melee: Long sword        |    68 |   144 |   385 |   501 ||  1098
       Spear             |       |       |       |    18 ||    18
Throw: Throwing net      |     3 |     4 |     1 |     1 ||     9
Evoke: Wand              |       |       |     4 |    26 ||    30
  Use: Potion            |     2 |     2 |     3 |     3 ||    10
       Scroll            |       |     8 |     8 |    11 ||    27
 Stab: Invisible         |       |     2 |     8 |       ||    10
       Held in net/web   |       |     1 |       |     1 ||     2
       Sleeping          |       |     1 |     5 |    16 ||    22
       Distracted        |       |     1 |       |     3 ||     4
  Eat: Chunk             |     9 |     5 |    13 |    25 ||    52
Armor: Leather armour    |    17 |    20 |    65 |    77 ||   179
       Skin              |       |       |    36 |       ||    36
Dodge: Dodged            |    72 |   187 |   375 |   590 ||  1224
       Rpst.: Long sword |    26 |    58 |   113 |   142 ||   339
